 Dungeon Crawl Stone Soup version 0.30.1-11-g7821555f0a (webtiles) character file.

Game seed: 10443095052401005498

748 zzzz the Chopper (level 7, -9/60 HPs)
             Began as a Hill Orc Fighter on Nov 14, 2023.
             Mangled by Duvessa
             ... wielding a +0 rapier
              (17 damage)
             ... on level 5 of the Dungeon.
             The game lasted 00:15:38 (4311 turns).

zzzz the Chopper (Hill Orc Fighter)                 Turns: 4311, Time: 00:15:38

Health: -9/60      AC: 10    Str: 21    XL:     7   Next: 77%
Magic:  10/10      EV:  9    Int:  8    God:
Gold:   213        SH:  4    Dex: 10    Spells: 10/11 levels left

rFire   . . .        a - +1 war axe
rCold   . . .        c - +0 buckler
rNeg    . . .        b - +0 scale mail
rPois   .            z - +1 hat
rElec   .            m - +0 cloak
rCorr   .            (no gloves)
SInv    .            C - +0 pair of boots
Will    +....        (no amulet) Stlth
                     q - ring of willpower
HPRegen 0.30/turn    l - +4 ring of slaying
MPRegen 0.12/turn

%: no passive effects
@: no status effects
A: no striking features
a: no special abilities


You were on level 5 of the Dungeon.
You visited 1 branch of the dungeon, and saw 5 of its levels.

You collected 213 gold pieces.

Inventory:

Hand Weapons
 a - a +1 war axe (weapon)
Missiles
 h - 2 throwing nets (quivered)
Armour
 b - a +0 scale mail (worn)
 c - a +0 buckler (worn)
 m - a +0 cloak (worn)
 z - a +1 hat (worn)
 C - a +0 pair of boots (worn)
Jewellery
 k - an amulet of faith
 l - a +4 ring of slaying (right hand)
 q - a ring of willpower (left hand)
 r - a ring of magical power
 u - a ring of fire
 E - an amulet of the acrobat
Wands
 A - a wand of charming (10)
 B - a wand of iceblast (12)
Scrolls
 g - 6 scrolls of teleportation
 j - a scroll of noise
 n - a scroll of vulnerability
 p - a scroll of acquirement {unknown}
 v - a scroll of magic mapping {unknown}
 x - a scroll of fog {unknown}
 y - a scroll of immolation {unknown}
 D - a scroll of blinking {unknown}
Potions
 d - 2 potions of might
 e - 4 potions of lignification
 f - 3 potions of brilliance {unknown}
 i - a potion of cancellation {unknown}
 o - 2 potions of berserk rage {unknown}
 s - a potion of ambrosia {unknown}
 t - a potion of curing
 w - 2 potions of flight {unknown}


   Skills:
 + Level 4.5 Fighting
 + Level 6.6 Axes
 + Level 4.5 Armour
 + Level 1.0 Dodging
 + Level 0.3 Stealth
 + Level 4.2 Shields
 + Level 2.6 Spellcasting
 + Level 2.9 Earth Magic


You had 10 spell levels left.
You knew the following spells:

 Your Spells              Type           Power      Damage    Failure   Level
a - Sandblast             Erth           10%        2d5       32%         1

Your spell library contained the following spells:

 Spells                   Type           Power      Damage    Failure   Level
 Passwall                 Tmut/Erth      2%         N/A       65%         2
 Apportation              Tloc           2%         N/A       73%         1
 Freeze                   Ice            4%         1d3       73%         1
 Stone Arrow              Conj/Erth      6%         3d7       87%         3
 Alistair's Intoxication  Tmut/Pois      0%         N/A       100%        5


Dungeon Overview and Level Annotations

Branches:
Dungeon (5/15)
 Temple: D:4-7

Altars:
Sif Muna

Shops:
D:1 =

Annotations:
D:5 Duvessa


Message History

You resist with almost no effort.
Casting: Sandblast (safe; 32% risk of failure)
Confirm with . or Enter, or press ? or * to list all spells.
Aiming: Sandblast (safe; 32% risk of failure)
Press: ? - help, Shift-Dir - straight line, f/p - Dowan
Aim: Dowan, wielding a +0 dagger and wearing a +2 robe (almost dead, 73% to hit)
The blast of sand hits Dowan but does no damage.
Dowan is almost dead.
Dowan hits you with a +0 dagger.
Casting: Sandblast (safe; 32% risk of failure)
Confirm with . or Enter, or press ? or * to list all spells.
Aiming: Sandblast (safe; 32% risk of failure)
Press: ? - help, Shift-Dir - straight line, f/p - Dowan
Aim: Dowan, wielding a +0 dagger and wearing a +2 robe (almost dead, 73% to hit)
The blast of sand hits Dowan.
You kill Dowan!
You hear a distant scream of rage.
You start resting.
Your magical contamination has completely faded away.
You start resting.
Magic restored.
You start resting.
HP restored.
You pick up Sif Muna's Codex of the Cold Ground and begin reading...
You add the spell Freeze to your library.
There is a shimmering blue altar of Sif Muna here.
Okay, then.
Duvessa, Sister of Dowan comes into view.
She is wielding a +0 rapier.
Duvessa shouts!
Duvessa goes berserk!
There is an empty arch of ancient stone here.
You hit Duvessa but do no damage. Duvessa hits you with a +0 rapier! x2
You hit Duvessa but do no damage. Duvessa hits you with a +0 rapier!
Duvessa hits you but does no damage.
You closely miss Duvessa. Duvessa hits you with a +0 rapier!
Duvessa hits you but does no damage.
You hit Duvessa but do no damage. Duvessa hits you with a +0 rapier!
* * * LOW HITPOINT WARNING * * *
Duvessa hits you with a +0 rapier!
You die...

##... .#.... # ......
. ......##.
........## ##
.........## .##
.............## ..##
...........)..###e..#
...........#...#@#
...........##...##
.##.........##...###
##.........##....# #
#.........#.##.._#
#####.....#######..#
...........## ####
............#
....(...#..##


You could see Duvessa (berserk).

Vanquished Creatures
  Grinder (D:4)
  An ogre (D:5)
  Dowan (D:5)
  2 hounds
  Crazy Yiuf (D:4)
  An orc priest (D:3)
  A sleepcap (D:5)
  An iguana (D:3)
  Natasha (thrice) (D:3)
  7 adders
  3 worms
  5 dart slugs
  8 orcs
  4 ball pythons
  3 bats
  9 endoplasms
  4 giant cockroaches
  2 goblins
  5 hobgoblins (D:1)
  6 jackals
  8 frilled lizards
  8 kobolds
  6 rats
90 creatures vanquished.

Notes
Turn   | Place    | Note
-------+----------+-------------------------------------------
     0 | D:1      | zzzz the Hill Orc Fighter began the quest for the Orb.
     0 | D:1      | Reached XP level 1. HP: 19/19 MP: 1/1
   119 | D:1      | Reached XP level 2. HP: 27/27 MP: 2/2
   335 | D:1      | Found Xuicas's Jewellery Shop.
   369 | D:1      | Reached skill level 3 in Axes
   692 | D:2      | Reached XP level 3. HP: 31/33 MP: 3/3
   706 | D:2      | Learned a level 1 spell: Sandblast
  1045 | D:2      | Reached XP level 4. HP: 40/40 MP: 0/4
  1894 | D:3      | Reached skill level 4 in Axes
  1930 | D:3      | Noticed Natasha
  1940 | D:3      | Killed Natasha
  1941 | D:3      | Reached XP level 5. HP: 31/46 MP: 2/6
  1950 | D:3      | Reached skill level 1 in Earth Magic
  2206 | D:3      | Reached skill level 1 in Spellcasting
  2334 | D:3      | Noticed Natasha
  2358 | D:3      | Killed Natasha
  2446 | D:3      | Reached skill level 5 in Axes
  2525 | D:3      | Noticed Natasha
  2536 | D:3      | Killed Natasha
  2537 | D:3      | Reached XP level 6. HP: 23/53 MP: 5/8
  3409 | D:4      | Noticed Grinder
  3427 | D:4      | Killed Grinder
  3428 | D:4      | Reached skill level 6 in Axes
  3428 | D:4      | Reached XP level 7. HP: 41/60 MP: 5/10
  3912 | D:4      | Found a runed translucent door.
  3913 | D:4      | Noticed Crazy Yiuf
  3920 | D:4      | Killed Crazy Yiuf
  3970 | D:5      | Entered Level 5 of the Dungeon
  4055 | D:5      | Reached skill level 1 in Dodging
  4192 | D:5      | Noticed Dowan
  4193 | D:5      | Found a shimmering blue altar of Sif Muna.
  4216 | D:5      | Killed Dowan
  4296 | D:5      | Got Sif Muna's Codex of the Cold Ground
  4303 | D:5      | Noticed Duvessa
  4311 | D:5      | Mangled by Duvessa

Illustrated notes

Levels and vault maps discovered:
D:1:      minmay_arrival_stair_chambers, layout_rooms, serial_shops,
          nicolae_shop_just_a_little_nook, minmay_misc_feat_tiny,
          chequers_serial_rivers_large_a, chequers_arboretum
D:2:      layout_basic
D:3:      layout_rooms, uniq_natasha
D:4:      layout_basic, uniq_grinder, uniq_crazy_yiuf_cottage
D:5:      layout_cave_pools, nzn_overflow_gifts_of_might_and_magic,
          hangedman_abyss_or_decor_lesser_grid, minmay_checkerbox

Skill      XL: |  1  2  3  4  5  6  7 |
---------------+----------------------+-----
Fighting       | 4 |  4.5
Axes           | 3 4 5 6 |  6.6
Armour         | 4 |  4.5
Earth Magic    | 1 2 |  2.9
Spellcasting   | 1 2 |  2.6
Shields        | 4 |  4.2
Dodging        | 1 |  1.0
Stealth        | |  0.3

Action                     |  1- 3 |  4- 6 |  7- 9 || total
---------------------------+-------+-------+-------++-------
  Melee: War axe           |    98 |    99 |    44 ||   241
   Cast: Sandblast         |     4 |    29 |    18 ||    51
    Use: Scroll            |     2 |     3 |     1 ||     6
 Armour: Scale mail        |    56 |    67 |    38 ||   161
  Dodge: Dodged            |    64 |    61 |    27 ||   152
  Block: Buckler           |    18 |    30 |    12 ||    60
